 Dungeon Crawl Stone Soup version 0.24.0-123-gd5b16e6ec5 (webtiles) character file.

Game seed: 11979992144999701020, levelgen mode: deterministic

8686 FishyPogo the Blocker (level 11, -4/104 HPs)
             Began as a Deep Dwarf Fighter on Jan 2, 2020.
             Was a Priest of Makhleb.
             Slain by an orc warrior
             ... wielding a +0 halberd
              (15 damage)
             ... on level 10 of the Dungeon.
             The game lasted 00:31:11 (7977 turns).

FishyPogo the Blocker (Deep Dwarf Fighter)          Turns: 7977, Time: 00:31:11

Health: -4/104     AC: 13    Str: 27    XL:     11   Next: 13%
Magic:  6/6        EV:  9    Int:  8    God:    Makhleb [***...]
Gold:   609        SH: 15    Dex: 12    Spells: 10/10 levels left

rFire    x . .     SeeInvis .   m - +6 spear
rCold    + . .     Gourm    .   c - +2 shield
rNeg     + + +     Faith    .   b - +0 scale mail
rPois    .         Spirit   .   t - +2 helmet "Syqic" {*Contam rF- rC+ rN+++ Str+3}
rElec    .         Reflect  .   a - +0 cloak
rCorr    .         Harm     .   (no gloves)
MR       ++...                  (no boots)
Stlth    ..........             (no amulet)
HPRegen  0.00/turn              s - ring of protection from magic
MPRegen  0.10/turn              (no ring)

@: non-regenerating
A: damage resistance, heal wounds, sense surroundings 2, no regeneration
a: Heal Wounds, Minor Destruction, Lesser Servant of Makhleb, Renounce Religion


You were on level 10 of the Dungeon.
You worshipped Makhleb.
Makhleb was most pleased with you.
You were not hungry.

You visited 2 branches of the dungeon, and saw 11 of its levels.
You also visited: Ossuary.

You collected 609 gold pieces.

Inventory:

Hand Weapons
 m - a +6 spear (weapon)
Missiles
 k - 213 stones
 C - 20 poisoned darts (quivered)
 E - 5 boomerangs
Armour
 a - a +0 cloak (worn)
 b - a +0 scale mail (worn)
 c - a +2 shield (worn)
 t - the +2 helmet "Syqic" (worn) {*Contam rF- rC+ rN+++ Str+3}
   (You took it off Robin on level 3 of the Dungeon)

   It affects your strength (+3).
   It makes you vulnerable to fire.
   It protects you from cold.
   It renders you almost immune to negative energy.
   It causes magical contamination when unequipped.
Jewellery
 s - a ring of protection from magic (left hand)
Wands
 x - a wand of polymorph (4)
 G - a wand of flame (12)
Scrolls
 g - 4 scrolls of immolation
 n - 10 scrolls of remove curse
 q - 2 scrolls of identify
 u - 3 scrolls of enchant weapon
 w - a scroll of blinking
 y - 5 scrolls of teleportation {unknown}
 B - 3 scrolls of magic mapping
 H - a scroll of torment
 I - a scroll of fear {unknown}
Potions
 d - a potion of might
 e - 6 potions of curing
 h - 2 potions of lignification
 i - 2 potions of brilliance
 j - a potion of berserk rage
 l - 3 potions of mutation
 o - 7 potions of degeneration
 p - 2 potions of haste
 r - a potion of resistance
 v - 5 potions of flight
 z - a potion of agility
 A - a potion of invisibility
 D - a potion of experience
Comestibles
 f - 18 rations
 F - 2 chunks of flesh


   Skills:
 + Level 8.7 Fighting
   Level 2.4(4.9) Axes
 * Level 5.4(5.6) Polearms
 + Level 9.0 Armour
 * Level 12.0 Shields
 + Level 3.5 Invocations


You had 10 spell levels left.
You didn't know any spells.
Your spell library was empty.

Dungeon Overview and Level Annotations

Branches:
Dungeon (10/15)            Temple (1/1) D:4         Ossuary (visited)
   Lair: D:8-11         Orc: D:9-12

Altars:
Ashenzari
Cheibriados
Dithmenos
Elyvilon
Fedhas
Gozag
Hepliaklqana
Kikubaaqudgha
Makhleb
Nemelex Xobeh
Okawaru
Qazlal
Ru
Sif Muna
Trog
Uskayaw
Vehumet
Wu Jian
Xom
Yredelemnul
Zin
The Shining One

Annotations:
D:7 exclusion: oklob plant


Innate Abilities, Weirdness & Mutations

You are resistant to damage.
You can heal yourself by infusing magical energy.
You passively map the area around you.
You do not regenerate.


Message History

Aim: an orc warrior, wielding a +0 halberd and wearing a +0 plate armour (poisoned)
You throw a poisoned dart. The poisoned dart hits the orc warrior.
The orc warrior looks even sicker.
Throwing (i - inventory. (/) - cycle)
C - 20 poisoned darts (quivered)
Press: ? - help, Shift-Dir - straight line, f/p - orc warrior
Aim: an orc warrior, wielding a +0 halberd and wearing a +0 plate armour (lightly wounded, poisoned)
Okay, then.
The orc warrior barely misses you.
Things that are here:
a +2 flail of draining; an orc corpse; a troll corpse You puncture the orc warrior!
The orc warrior is heavily wounded.
You hit the orc warrior but do no damage.
The orc warrior is heavily wounded.
The orc warrior hits you with a +0 halberd!
* * * LOW HITPOINT WARNING * * *
You hit the orc warrior.
The orc warrior is severely wounded.
The orc warrior hits you with a +0 halberd!
You die...

# #..# * .. ≈ ##..#
.# *, #..## *..# ≈
#..# #..## #..≈ #
#..# #.... #..≈
#######..# ##...
.#* #...
.........## ##..#*
..## #...
..........## ###..#
#...#*#..≈
.#######...###.o@##
#...##..≈ ##
##.....(.##
#....Y.≈ #
##......## **#.....
#* #.......##
##.... .#
##..###..)# ##...
>.#* #..## ##.o##
##.o.. ...## #..#
##..## #...#.
.....####..# ##..##
###...#.
#.....#..## #..÷##
##=Y)....


You could see an orc warrior.

Vanquished Creatures
  2 two-headed ogres
  Maurice (D:10)
  A kobold demonologist (D:8)
  3 hippogriffs (D:8)
  Menkaure (D:5)
  A water moccasin (D:8)
  4 ice beasts
  2 orc warriors (D:8)
  A black bear (D:7)
  2 phantoms (D:8)
  4 sky beasts
  2 necrophages (D:7)
  3 centaurs
  6 ogres
  A wolf (D:10)
  11 big kobolds (D:8)
  2 bullfrogs
  5 scorpions
  A troll zombie (D:7)
  5 killer bees (D:7)
  3 wights (D:7)
  A bullfrog zombie (D:8)
  4 crimson imps
  A quasit (D:8)
  2 centaur zombies
  A centaur skeleton (D:6)
  5 orc priests
  5 hounds
  2 human zombies
  9 jellies
  An orc wizard (D:4)
  2 bullfrog skeletons
  2 human skeletons (D:7)
  3 iguanas
  6 worker ants
  A killer bee zombie (D:7)
  Robin (D:3)
  6 mummies
  4 gnolls
  13 adders
  A shadow imp (D:5)
  13 oozes
  6 worms
  3 dart slugs
  9 leopard geckos
  32 orcs
  6 giant cockroaches
  A gnoll zombie (Ossuary)
  16 goblins
  8 hobgoblins
  8 jackals
  14 kobolds
  4 quokkas
  2 ball pythons
  A ball python skeleton (D:5)
  15 bats
  6 frilled lizards
  A goblin zombie (Ossuary)
  A hobgoblin zombie (Ossuary)
  A jackal skeleton (D:4)
  A kobold zombie (Ossuary)
  An orc skeleton (D:7)
  2 orc zombies (Ossuary)
  A quokka zombie (D:5)
  10 rats
  A spectral orc (D:9)
  3 toadstools (D:1)
297 creatures vanquished.

Vanquished Creatures (collateral kills)
  A troll (D:10)
  An ice beast (D:10)
  2 wolves (D:10)
  2 hounds (D:10)
  An orc (D:10)
7 creatures vanquished.

Vanquished Creatures (others)
  4 fungi (D:7)
  A toadstool (D:1)
5 creatures vanquished.

Grand Total: 309 creatures vanquished

Notes
Turn   | Place    | Note
-------+----------+-------------------------------------------
     0 | D:1      | FishyPogo the Deep Dwarf Fighter began the quest for the
                  | Orb.
     0 | D:1      | Reached XP level 1. HP: 20/20 MP: 1/1
    78 | D:1      | Reached XP level 2. HP: 22/27 MP: 2/2
   391 | D:1      | Reached XP level 3. HP: 25/34 MP: 3/3
   840 | D:2      | Reached skill level 4 in Shields
   892 | D:2      | Reached skill level 1 in Polearms
   892 | D:2      | Reached XP level 4. HP: 39/42 MP: 3/3
  1518 | D:3      | Found a hide-covered altar of Uskayaw.
  1543 | D:3      | Reached XP level 5. HP: 40/49 MP: 4/4
  1678 | D:3      | Identified the +2 helmet "Syqic" {*Contam rF- rC+ rN+++
                  | Str+3}
  1678 | D:3      | Noticed Robin
  1706 | D:3      | Killed Robin
  1959 | D:4      | Noticed an ogre
  1967 | D:4      | Killed an ogre
  1967 | D:4      | Reached skill level 5 in Shields
  1967 | D:4      | Reached XP level 6. HP: 29/57 MP: 5/5
  1990 | D:4      | Found a staircase to the Ecumenical Temple.
  2004 | Temple   | Entered the Ecumenical Temple
  2267 | D:5      | Entered Level 5 of the Dungeon
  2276 | D:5      | Found a radiant altar of Vehumet.
  2316 | D:4      | Found a sand-covered staircase.
  2325 | Ossuary  | Entered an ossuary
  2771 | D:4      | Reached XP level 7. HP: 44/64 MP: 6/6
  2959 | D:4      | Reached skill level 6 in Shields
  3286 | D:5      | Noticed Menkaure
  3297 | D:5      | Reached skill level 5 in Armour
  3307 | D:5      | Killed Menkaure
  3725 | D:6      | Reached skill level 5 in Fighting
  3725 | D:6      | Reached XP level 8. HP: 56/74 MP: 5/5
  3827 | D:6      | Reached skill level 7 in Shields
  3872 | D:6      | Found a sparkling altar of Nemelex Xobeh.
  4175 | D:6      | Found a hazy altar of Hepliaklqana.
  4285 | D:6      | Reached skill level 8 in Shields
  4363 | D:6      | Noticed a moth of wrath
  4367 | D:6      | Found a bloodstained altar of Trog.
  4697 | D:7      | Found a shadowy altar of Dithmenos.
  4765 | D:7      | Gained mutation: You passively map the area around you.
                  | [Deep Dwarf growth]
  4765 | D:7      | Reached XP level 9. HP: 53/85 MP: 6/6
  4883 | D:7      | Reached skill level 9 in Shields
  4970 | D:7      | Found a burning altar of Makhleb.
  4973 | D:7      | Became a worshipper of Makhleb the Destroyer
  5015 | D:7      | Noticed an oklob plant
  5370 | D:7      | Found an ancient bone altar of Kikubaaqudgha.
  5389 | D:7      | Reached skill level 1 in Invocations
  5559 | D:7      | Reached * piety under Makhleb
  5875 | D:8      | Reached skill level 10 in Shields
  5935 | D:8      | Found a shattered altar of Ashenzari.
  6087 | D:8      | Reached XP level 10. HP: 60/96 MP: 5/5
  6152 | D:8      | Reached ** piety under Makhleb
  6326 | D:8      | Noticed a two-headed ogre
  6375 | D:8      | Killed a two-headed ogre
  6438 | D:8      | Reached skill level 11 in Shields
  7124 | D:9      | Found an iron altar of Okawaru.
  7266 | D:9      | Found a shimmering altar of Xom.
  7267 | D:9      | Found a shimmering altar of Xom.
  7316 | D:9      | Found a basalt altar of Yredelemnul.
  7319 | D:9      | Reached *** piety under Makhleb
  7364 | D:9      | Noticed a two-headed ogre
  7379 | D:9      | Killed a two-headed ogre
  7379 | D:9      | Reached skill level 5 in Polearms
  7707 | D:10     | Entered Level 10 of the Dungeon
  7729 | D:10     | Reached XP level 11. HP: 89/104 MP: 6/6
  7791 | D:10     | Noticed Maurice
  7812 | D:10     | Killed Maurice
  7947 | D:10     | Reached skill level 12 in Shields
  7977 | D:10     | Slain by an orc warrior

Levels and vault maps discovered:
D:1:      ldierk_water_garden, layout_basic
D:2:      minmay_skewed_foursquare, layout_basic, first_ration
D:3:      layout_basic, old_standard_altar, uniq_robin
D:4:      layout_cave_pools, temple_pool_b, lightli_ossuary_entry_decrepit_ruins
D:5:      layout_rooms, nicolae_overflow_crystal_walls, uniq_menkaure
D:6:      layout_cave_pods, tgw_trog, kennysheep_mini,
          nemelex_xobeh_ov_fountains_minmay
D:7:      lemuel_slime, layout_loops_ring, lemuel_mausoleum_altar_kikubaaqudgha,
          kennysheep_mini_moat, basic_altar
D:8:      layout_loops_corners, lemuel_crystal_altar, special_room
          [special_room_kobold], minmay_manual_monstrance
D:9:      layout_basic, xom_redecorated, yredelemnul_forgotten_temple_becter,
          lemuel_doored_altar
D:10:     layout_layer_cave, erik_lair_island, uniq_maurice, uniq_erolcha
Temple:   minmay_temple_curvy_loop

Skill      XL: |  1  2  3  4  5  6  7  8  9 10 11 |
---------------+----------------------------------+-----
Fighting       | 3 4 5 6 7 8 |  8.7
Shields        | 4 5 6 8 10 11 12 | 12.0
Polearms       | 1 2 3 5 |  5.4
Armour         | 4 5 6 7 8 9 |  9.0
Invocations    | 3 |  3.5
Axes           | |  2.4

Action                   |  1- 3 |  4- 6 |  7- 9 | 10-12 || total
-------------------------+-------+-------+-------+-------++-------
Melee: War axe           |    41 |       |       |       ||    41
       Spear             |    59 |   250 |   645 |   372 ||  1326
Throw: Stone             |       |     6 |    16 |     1 ||    23
       Dart              |       |       |       |    13 ||    13
Invok: Lesser Servant of |       |       |       |     2 ||     2
       Minor Destruction |       |       |       |     1 ||     1
 Abil: Heal Wounds       |     1 |     1 |    12 |     3 ||    17
  Use: Scroll            |     3 |     4 |     1 |    17 ||    25
       Potion            |       |       |     1 |     1 ||     2
  Eat: Chunk             |       |     6 |    12 |     7 ||    25
Armor: Scale mail        |     9 |    21 |   141 |    95 ||   266
       Leather armour    |     4 |       |       |       ||     4
       Ring mail         |    14 |    23 |       |       ||    37
Dodge: Dodged            |    26 |    37 |    96 |    67 ||   226
Block: Shield            |    51 |    88 |   335 |   196 ||   670
